 Dungeon Crawl Stone Soup version 0.19-a0 (webtiles) character file.

1256 barb4r1an the Caller (level 8, -1/54 HPs)
             Began as a Merfolk Summoner on Apr 27, 2016.
             Was a Follower of Sif Muna.
             Slain by a black bear (11 damage)
             ... on level 6 of the Dungeon on Apr 28, 2016.
             The game lasted 00:33:13 (7780 turns).

barb4r1an the Caller (Merfolk Summoner)             Turns: 7780, Time: 00:33:14

Health: -1/54      AC:  4    Str: 16    XL:     8   Next: 51%
Magic:  7/15       EV: 15    Int: 16    God:    Sif Muna [*.....]
Gold:   291        SH:  0    Dex: 14    Spells: 5 memorised, 4 levels left

rFire  . . .     SeeInvis .     e - +0 dagger
rCold  . . .     Gourm    .     a - +0 robe
rNeg   . . .     Faith    .     (no shield)
rPois  +         Spirit   .     (no helmet)
rElec  +         Dismiss  .     y - +0 cloak
rCorr  .         Reflect  .     G - +0 pair of gloves "Ciliysh" {rElec Regen+ Str+2} (curse)
SustAt .         Harm     .     (no boots)
MR     .....                    (no amulet)
Stlth  ++........               z - +5 ring of strength
                                r - ring of poison resistance

@: drained, not resistant to hostile enchantments, unstealthy
A: change form in water, swift swim
a: Channel Energy, Renounce Religion


You were on level 6 of the Dungeon.
You worshipped Sif Muna.
Sif Muna was aware of your devotion.
You were not hungry.

You visited 2 branches of the dungeon, and saw 7 of its levels.

You collected 291 gold pieces.

Inventory:

Hand Weapons
 e - a +0 dagger (weapon)
 v - a +0 blowgun
Missiles
 w - 5 curare-tipped needles
 B - 21 poisoned needles
Armour
 a - a +0 robe (worn)
 h - a +0 pair of gloves
 y - a +0 cloak (worn)
 G - the cursed +0 pair of gloves "Ciliysh" (worn) {rElec Regen+ Str+2}
   (You found it on level 5 of the Dungeon)

   It affects your strength (+2).
   It insulates you from electricity.
   It increases your rate of regeneration.
   It has a curse placed upon it.
Jewellery
 d - an uncursed ring of ice
 r - a ring of poison resistance (left hand)
 z - a +5 ring of strength (right hand)
 A - an uncursed ring of magical power
Wands
 s - a wand of paralysis (14/24)
Scrolls
 j - 2 scrolls of enchant weapon {unknown}
 l - 8 scrolls of identify {unknown}
 m - 4 scrolls of remove curse {unknown}
 o - 2 scrolls of teleportation {unknown}
 p - 3 scrolls of enchant armour {unknown}
 t - a scroll of recharging {unknown}
 u - a scroll of fog {unknown}
 C - a scroll of blinking {unknown}
 E - a scroll of immolation {unknown}
Potions
 g - 3 potions of curing
 i - 2 potions of degeneration {unknown}
 k - a potion of agility {unknown}
 q - a potion of haste {unknown}
 x - a potion of might {unknown}
 D - 3 potions of heal wounds {unknown}
 F - a potion of mutation {unknown}
Books
 b - a book of Callings

   Spells                             Type                      Level
   a - Summon Small Mammal            Summoning                    1
   b - Call Imp                       Summoning                    2
   c - Call Canine Familiar           Summoning                    3
   d - Summon Guardian Golem          Hexes/Summoning              3
   e - Summon Lightning Spire         Summoning/Air                4
   f - Summon Ice Beast               Ice/Summoning                4
Comestibles
 c - 2 bread rations
 f - 3 meat rations


   Skills:
 + Level 1.0(0.1) Fighting
 + Level 0.8(0.0) Short Blades
 - Level 6.8(5.6) Dodging
 - Level 2.1(1.2) Stealth
 + Level 5.1(4.0) Spellcasting
 * Level 7.3(6.2) Summonings
 + Level 2.9(1.8) Ice Magic


You had 4 spell levels left.
You knew the following spells:

 Your Spells              Type           Power        Failure   Level  Hunger
a - Summon Small Mammal   Summ           ###.         1%          1    None
b - Call Imp              Summ           ###.....     1%          2    ##.....
c - Call Canine Familiar  Summ           ###.....     4%          3    ###....
d - Summon Ice Beast      Ice/Summ       ###.....     34%         4    ####...
e - Summon Guardian Gole  Hex/Summ       ##......     14%         3    ###....


Dungeon Overview and Level Annotations

Branches:
Dungeon (6/15)             Temple (1/1) D:4

Altars:
Ashenzari
Cheibriados
Dithmenos
Kikubaaqudgha
Makhleb
Nemelex Xobeh
Okawaru
Pakellas
Qazlal
Ru
Sif Muna
Vehumet
Xom
Yredelemnul
Zin
The Shining One


Message History

The black bear claws you.
* * * LOW HITPOINT WARNING * * *
Your crimson imp blinks!
Your crimson imp barely misses the adder.
Your hound closely misses the black bear.
The adder bites your crimson imp but does no damage.
The necrophage hits your hound!
Your hound looks less resilient! x2
Your crimson imp blinks!
Your crimson imp hits the adder.
What do you say? t - Shout!
Orders for allies: a - Attack new target. p - Attack previous target. r - Retreat! s - Stop attacking. w - Wait here. f - Follow me.
Anything else - Stay silent.
Gang up on whom?
Press: ? - help, Dir - move target cursor, f/p - black bear
Aim: a black bear (almost dead, berserk, fast, unusually strong) Attack!
The black bear bites you!
You die...

#.##..#......§...#
#...#.#..........#
#...............#
#...5..##########
#.n8.÷.# #..
#....§.# #.#
####hS<# #.#
###.h5####.##
#....@..)...#
#.#...#######
#.#...# # #...#
#.#.# #.#># ..#.#
####..


You could see a black bear (berserk), a necrophage, an adder, a friendly
guardian golem, a friendly hound and 2 friendly crimson imps.

Vanquished Creatures
  A phantom (D:4)
  An ogre (D:5)
  A vampire bat (D:5)
  2 crimson imps (D:5)
  Natasha (twice) (D:3)
  A worker ant (D:4)
  An adder (D:4)
  A gnoll (D:2)
  4 giant geckos
  3 orcs (D:3)
  4 bat skeletons (D:5)
  2 bat zombies (D:5)
  2 giant cockroaches
  2 goblins
  5 hobgoblins
  A quokka (D:2)
  A ball python (D:1)
  3 bats
  A giant gecko skeleton (D:4)
  7 giant newts
  4 kobolds
  A rat (D:1)
50 creatures vanquished.

Vanquished Creatures (collateral kills)
  Grinder (D:3)
  The ghost of bollicks1999 the Covert, an amateur OpAs (D:3)
  The ghost of MovingMist the Cudgeler, an amateur GrFi of the Shining One (D:4)
  A phantom (D:6)
  2 ogres (D:5)
  Blork the orc (D:4)
  A scorpion (D:5)
  4 wights
  A crimson imp (D:6)
  A giant frog zombie (D:6)
  Crazy Yiuf (D:3)
  2 hounds (D:5)
  2 centaur skeletons (D:4)
  Natasha (D:3)
  3 orc wizards
  3 worker ants
  A worker ant zombie (D:5)
  7 adders
  3 gnolls
  2 shadow imps (D:5)
  An adder skeleton (D:5)
  2 worms
  3 dart slugs
  2 giant geckos
  32 orcs
  2 giant cockroaches
  A goblin (D:3)
  6 hobgoblins
  11 jackals
  5 kobolds
  A quokka (D:4)
  A ball python (D:1)
  3 giant newts (D:3)
109 creatures vanquished.

Grand Total: 159 creatures vanquished

Notes
Turn   | Place    | Note
--------------------------------------------------------------
     0 | D:1      | barb4r1an the Merfolk Summoner began the quest for the Orb.
     0 | D:1      | Reached XP level 1. HP: 13/13 MP: 3/3
   400 | D:1      | Reached XP level 2. HP: 14/19 MP: 0/5
   407 | D:1      | Learned a level 2 spell: Call Imp
   816 | D:1      | Reached XP level 3. HP: 22/24 MP: 6/6
  1180 | D:1      | Learned a level 3 spell: Call Canine Familiar
  1933 | D:2      | Found a shimmering altar of Xom.
  1949 | D:2      | Found a snail-covered altar of Cheibriados.
  2129 | D:2      | Reached XP level 4. HP: 15/30 MP: 5/8
  2301 | D:2      | Found a radiant altar of Vehumet.
  2624 | D:3      | Noticed bollicks1999's ghost (amateur OpAs)
  2680 | D:3      | Killed bollicks1999's ghost
  2680 | D:3      | Reached skill level 5 in Summonings
  2680 | D:3      | Reached XP level 5. HP: 21/35 MP: 1/9
  3167 | D:3      | Noticed Crazy Yiuf
  3181 | D:3      | Killed Crazy Yiuf
  3286 | D:3      | Noticed Natasha
  3302 | D:3      | Killed Natasha
  3552 | D:3      | Reached XP level 6. HP: 40/41 MP: 11/11
  3564 | D:3      | Reached skill level 5 in Dodging
  3582 | D:3      | Noticed Grinder
  3611 | D:3      | Noticed Natasha
  3629 | D:3      | Killed Natasha
  3639 | D:3      | Paralysed by Grinder for 5 turns
  3641 | D:3      | Killed Grinder
  3726 | D:3      | Learned a level 4 spell: Summon Ice Beast
  4305 | D:3      | Noticed Natasha
  4330 | D:3      | Killed Natasha
  4422 | D:4      | Noticed Blork the orc
  4430 | D:4      | Killed Blork the orc
  4430 | D:4      | Reached XP level 7. HP: 45/46 MP: 13/13
  4449 | D:4      | Found a staircase to the Ecumenical Temple.
  4459 | Temple   | Entered the Ecumenical Temple
  4665 | Temple   | Became a worshipper of Sif Muna the Loreminder
  4720 | D:4      | Found a basalt altar of Yredelemnul.
  4851 | D:4      | Noticed MovingMist's ghost (amateur GrFi)
  4853 | D:4      | Reached skill level 6 in Summonings
  5125 | D:4      | Killed MovingMist's ghost
  5125 | D:4      | Reached skill level 1 in Ice Magic
  5818 | D:4      | Learned a level 3 spell: Summon Guardian Golem
  5819 | D:5      | Entered Level 5 of the Dungeon
  6287 | D:5      | Found an oddly glowing altar of Pakellas.
  6363 | D:5      | Found a glowing silver altar of Zin.
  6408 | D:5      | Reached XP level 8. HP: 42/52 MP: 2/15
  6741 | D:5      | Reached * piety under Sif Muna
  6945 | D:5      | Reached skill level 7 in Summonings
  7003 | D:5      | Found an ancient bone altar of Kikubaaqudgha.
  7081 | D:5      | Got a pair of smoking gloves
  7092 | D:5      | Identified the cursed +0 pair of gloves "Ciliysh" {rElec Regen+ Str+2} (You found it on level 5 of the Dungeon)
  7113 | D:5      | Found a shattered altar of Ashenzari.
  7147 | D:5      | HP: 1/52 [shadow imp/nerve-wracking pain (11)]
  7348 | D:6      | Reached skill level 5 in Spellcasting
  7683 | D:6      | Reached skill level 1 in Fighting
  7780 | D:6      | Slain by a black bear

Vault maps used:
D:1:      dpeg_arrival_leaves_temple_mockup
D:2:      vehumet_crystals, grunt_temple_overflow_open
D:3:      minmay_lizard_king, uniq_natasha, uniq_grinder,
          uniq_crazy_yiuf_cottage
D:4:      nicolae_overflow_crystal_walls, temple_fountains, uniq_blork_the_orc
D:5:      overflow_temple_1_default, old_standard_altar,
          kennysheep_vampire_church, grunt_pakellas_sulfur, first_bread
D:6:      serial_shops, nicolae_shop_stone
Temple:   grunt_temple_mini_profane_8

Skill      XL: |  1  2  3  4  5  6  7  8 |
---------------+-------------------------+-----
Dodging        | 3 4 5 6 |  6.8
Spellcasting   | 3 4 5 |  5.1
Summonings     | 5 6 7 |  7.3
Ice Magic      | 1 2 |  2.9
Fighting       | 1 |  1.0
Short Blades   | |  0.8
Stealth        | |  2.1

Action                   |  1- 3 |  4- 6 |  7- 9 || total
-------------------------+-------+-------+-------++-------
Melee: Dagger            |    83 |   129 |   270 ||   482
       Unarmed           |     7 |       |       ||     7
 Cast: Summon Small Mamm |    13 |     1 |       ||    14
       Call Imp          |    11 |    16 |    47 ||    74
       Call Canine Famil |     5 |    27 |    26 ||    58
       Summon Guardian G |       |       |    12 ||    12
  Use: Potion            |       |     1 |       ||     1
 Stab: Distracted        |     2 |       |     3 ||     5
       Sleeping          |       |       |     1 ||     1
  Eat: Chunk             |     1 |     6 |     2 ||     9
       Bread ration      |     1 |       |     3 ||     4
       Pizza             |       |     2 |     1 ||     3
       Beef jerky        |       |       |     1 ||     1
Armor: Robe              |    11 |    22 |    84 ||   117
Dodge: Dodged            |    83 |   100 |   327 ||   510
